 Dungeon Crawl Stone Soup version 0.30-a0-172-gc5509c9e31 (webtiles) character file.

Game seed: 6303732311694909763

1541 slphil the Magician (level 8, -3/64 HPs)
             Began as a Mummy Necromancer on Oct 2, 2022.
             Was a Follower of Kikubaaqudgha.
             Slain by a two-headed ogre
             ... wielding a +0 giant club
              (26 damage)
             ... on level 8 of the Dungeon.
             The game lasted 00:14:27 (6786 turns).

slphil the Magician (Mummy Necromancer)             Turns: 6786, Time: 00:14:27

Health: -3/64      AC:  4    Str: 11    XL:     8   Next: 56%
Magic:  21/28      EV: 12    Int: 22    God:    Kikubaaqudgha [*.....]
Gold:   287        SH:  0    Dex: 13    Spells: 14/22 levels left

rFire   x . .      SeeInvis .    b - +2 dagger (venom)
rCold   + . .      Faith    +    (no shield)
rNeg    + + +      Spirit   .    a - +0 robe
rPois   ∞          Reflect  .    (no helmet)
rElec   .          Harm     .    d - +0 cloak
rCorr   .          Rampage  .    n - +0 pair of gloves
Will    +....                    (no boots)
Stlth   ++........               r - amulet of the acrobat
HPRegen 0.30/turn                j - +6 ring of intelligence
MPRegen 0.21/turn                f - ring of magical power

@: no status effects
A: cold resistance 1, negative energy resistance 3, torment resistance 2, heat
vulnerability 1, in touch with death 1, no potions, faith
a: Renounce Religion, Unearth Wretches


You were on level 8 of the Dungeon.
You worshipped Kikubaaqudgha.
Kikubaaqudgha was aware of your devotion.
You visited 2 branches of the dungeon, and saw 9 of its levels.

You collected 287 gold pieces.

Inventory:

Hand Weapons
 b - a +2 dagger of venom (weapon)
 e - a +1 whip of electrocution
 k - a +3 dagger of flaming
 t - a +3 quarterstaff of chaos
Missiles
 q - a throwing net
Armour
 a - a +0 robe (worn)
 d - a +0 cloak (worn)
 n - a +0 pair of gloves (worn)
Jewellery
 f - a ring of magical power (right hand)
 j - a +6 ring of intelligence (left hand)
 r - an amulet of the acrobat (around neck)
Wands
 m - a wand of flame (2)
 s - a wand of digging (4)
Scrolls
 c - a scroll of teleportation
 g - a scroll of fear
 h - 2 scrolls of amnesia
 i - 2 scrolls of identify
 l - 2 scrolls of enchant weapon
 o - a scroll of vulnerability
 p - 2 scrolls of immolation


   Skills:
 + Level 6.0 Fighting
 - Level 1.5 Dodging
 - Level 1.5 Stealth
 + Level 7.9 Spellcasting
 + Level 7.4 Necromancy


You had 14 spell levels left.
You knew the following spells:

 Your Spells              Type           Power      Damage    Failure   Level
a - Necrotise             Necr           100%       1d9       1%          1
b - Vampiric Draining     Necr           58%        2d10      1%          3
c - Animate Dead          Necr           58%        N/A       3%          4

Your spell library contained the following spells:

 Spells                   Type           Power      Damage    Failure   Level
 Cigotuvi's Dreadful Rot  Necr/Pois/Air  58%        N/A       4%          2
 Agony                    Necr           58%        N/A       10%         5
 Blink                    Tloc           16%        N/A       12%         2
 Momentum Strike          Conj/Tloc      16%        3d8       12%         2
 Anguish                  Hex/Necr       18%        N/A       16%         4
 Dazzling Flash           Conj/Hex       16%        N/A       22%         3
 Lesser Beckoning         Tloc           8%         N/A       22%         3
 Silence                  Hex/Air        4%         N/A       91%         5


Dungeon Overview and Level Annotations

Branches:
Dungeon (8/15)             Temple (1/1) D:5
   Lair: D:8-11

Altars:
Ashenzari
Cheibriados
Dithmenos
Fedhas
Gozag
Hepliaklqana
Kikubaaqudgha
Makhleb
Nemelex Xobeh
Okawaru
Qazlal
Ru
Trog
Uskayaw
Vehumet
Xom
Yredelemnul

Annotations:
D:6 Maggie
D:7 Dowan, Duvessa


Innate Abilities, Weirdness & Mutations

You are immune to poison.
Your flesh is cold resistant. (rC+)
You are immune to negative energy. (rN+++)
You are immune to unholy pain and torment.
You are vulnerable to heat. (rF-)
You are in touch with the powers of death.
You do not drink.
You have a special connection with the divine. (Faith)


Message History

The two-headed ogre completely misses you.
Your surroundings suddenly seem different.
Found 13 gold pieces.
You start resting.
The sentinel's mark upon you fades away.
You start resting.
A two-headed ogre is nearby!
You feel a surge of power!
The two-headed ogre shouts in stereo!
The two-headed ogre writhes in agony.
You can't see any susceptible monsters within range! (Use Z to cast anyway.) Unknown command.
Found a stone staircase leading up.
You feel a surge of power!
The two-headed ogre writhes in agony.
Unknown command.
You feel a surge of power!
The two-headed ogre struggles to resist.
Okay, then.
You feel a surge of power!
The two-headed ogre struggles to resist.
An orc warrior comes into view. It is wielding a +0 war axe.
Unknown command.
You feel a surge of power!
The two-headed ogre writhes in agony.
The orc warrior shouts!
The two-headed ogre hits you with a +0 giant club.
The two-headed ogre barely misses you.
An orc comes into view. It is wielding a +0 hand axe.
Unknown command.
Casting: Necrotise (safe; 1% risk of failure)
Confirm with . or Enter, or press ? or * to list all spells.
Aiming: Vampiric Draining (safe; 1% risk of failure)
Press: ? - help, Shift-Dir - straight line, f/p - two-headed ogre
Aim: a two-headed ogre, wielding two +0 giant clubs (lightly wounded)
You feel a surge of power!
You draw life force from the two-headed ogre!
You feel life coursing into your body.
The orc shouts!
The two-headed ogre hits you with a +0 giant club!! x2
You die...
Kikubaaqudgha rasps: "You have failed me!
Welcome... oblivion!"

... ... .. #
.. .# #. ##.
##.# # #. #..
<.. ... .
#..##.#..... .
#..O@...# #
#...#...# #
.......#...# #
#..........# #
..o#$#........
# ..
#.#......... #
# #.#########
#.


You could see a two-headed ogre and an orc warrior.

Vanquished Creatures
  A sky beast (D:6)
  An ice beast (D:6)
  2 kobold brigands
  A necrophage (D:6)
  3 scorpions
  2 wights (D:7)
  4 killer bees (D:7)
  3 jellies
  A gnoll bouda (D:6)
  2 orc priests
  Crazy Yiuf (D:2)
  4 hounds
  Jessica (D:3)
  An iguana (D:6)
  6 orc wizards
  5 gnolls (D:6)
  3 adders
  A white imp (D:6)
  An ufetubus (D:5)
  A worm (D:4)
  A dart slug (D:1)
  17 orcs
  6 ball pythons
  3 bats (D:1)
  4 endoplasms
  2 giant cockroaches
  10 goblins
  6 hobgoblins
  3 quokkas
  3 frilled lizards (D:1)
  11 kobolds
  3 rats
113 creatures vanquished.

Vanquished Creatures (collateral kills)
  An orc (D:4)
  A hobgoblin (D:1)
  A kobold (D:7)
3 creatures vanquished.

Vanquished Creatures (others)
  3 gnoll zombies (D:6)
  7 kobold zombies
  7 orc zombies
17 creatures vanquished.

Grand Total: 133 creatures vanquished

Notes
Turn   | Place    | Note
-------+----------+-------------------------------------------
     0 | D:1      | slphil the Mummy Necromancer began the quest for the Orb.
     0 | D:1      | Reached XP level 1. HP: 13/13 MP: 4/4
   212 | D:1      | Reached XP level 2. HP: 20/20 MP: 3/6
   376 | D:1      | Reached skill level 1 in Fighting
   541 | D:1      | Found a faded altar of an unknown god.
   870 | D:1      | Gained mutation: You are in touch with the powers of death.
                  | [Mummy growth]
   870 | D:1      | Reached XP level 3. HP: 19/26 MP: 3/7
  1130 | D:2      | Found a runed translucent door.
  1131 | D:2      | Noticed Crazy Yiuf
  1378 | D:2      | Learned a level 3 spell: Vampiric Draining
  1824 | D:3      | Reached XP level 4. HP: 33/33 MP: 9/9
  1891 | D:3      | Noticed Jessica
  1901 | D:3      | Killed Jessica
  2805 | D:4      | Reached XP level 5. HP: 39/39 MP: 11/11
  2824 | D:4      | Reached skill level 5 in Necromancy
  3588 | D:5      | Entered Level 5 of the Dungeon
  3593 | D:5      | Reached skill level 5 in Spellcasting
  3593 | D:5      | Reached XP level 6. HP: 47/47 MP: 13/13
  3647 | D:5      | Found a staircase to the Ecumenical Temple.
  3654 | Temple   | Entered the Ecumenical Temple
  4141 | D:5      | Found a broken altar of Ashenzari.
  4176 | D:5      | Found a sparkling altar of Nemelex Xobeh.
  4516 | D:5      | Found an ancient bone altar of Kikubaaqudgha.
  4516 | D:5      | Found a hazy altar of Hepliaklqana.
  4517 | D:5      | Found a radiant altar of Vehumet.
  4523 | D:5      | Became a worshipper of Kikubaaqudgha
  4679 | D:6      | Learned a level 4 spell: Animate Dead
  4838 | D:6      | Noticed an ice beast
  4851 | D:6      | Killed an ice beast
  4852 | D:6      | Reached XP level 7. HP: 31/54 MP: 13/15
  5106 | D:6      | Noticed Maggie
  5218 | D:6      | Reached * piety under Kikubaaqudgha
  5218 | D:6      | Received a gift from Kikubaaqudgha
  5719 | D:6      | Reached skill level 5 in Fighting
  5752 | D:6      | Reached XP level 8. HP: 42/62 MP: 18/18
  6174 | D:2      | Identified the +4 hammer of Jiux {holy, Will+}
  6181 | D:2      | Killed Crazy Yiuf
  6752 | D:7      | Noticed Duvessa
  6754 | D:7      | Noticed Dowan
  6759 | D:8      | Noticed a two-headed ogre
  6786 | D:8      | Slain by a two-headed ogre

Illustrated notes

Levels and vault maps discovered:
D:1:      dpeg_arrival_three_bigger_balls, layout_loops_ring,
          chequers_ecumenical_altar_simple_redux, grunt_decor_arrowhead,
          minmay_ruptured
D:2:      layout_rooms, uniq_crazy_yiuf_cottage
D:3:      layout_basic, minmay_statues_item, uniq_jessica
D:4:      layout_basic
D:5:      layout_basic, cheibrodos_ashenzari_chains,
          gammafunk_temple_overflow_claw, general_overflow_altar,
          minmay_temple_entry_slanted, hangedman_decor_opposing
D:6:      layout_gridville, kennysheep_pointless_box, uniq_maggie
D:7:      layout_loops_cross, marbit_many_paths, kennysheep_mini, st_stairs_5,
          fountainhead, uniq_duvessa
D:8:      layout_basic, lair_entry_dummy
Temple:   dpeg_chambers_temple

Skill      XL: |  1  2  3  4  5  6  7  8 |
---------------+-------------------------+-----
Spellcasting   | 3 4 5 7 |  7.9
Fighting       | 1 2 3 4 5 6 |  6.0
Necromancy     | 5 6 7 |  7.4
Dodging        | |  1.5
Stealth        | |  1.5

Action                   |  1- 3 |  4- 6 |  7- 9 || total
-------------------------+-------+-------+-------++-------
Melee: Unarmed           |     8 |       |       ||     8
       Dagger            |       |     8 |    38 ||    46
       Punch             |       |     1 |     1 ||     2
 Cast: Necrotise         |    58 |   118 |    96 ||   272
       Vampiric Draining |       |     2 |     4 ||     6
       Animate Dead      |       |       |     3 ||     3
Evoke: Wand              |       |       |    15 ||    15
  Use: Scroll            |       |     6 |     5 ||    11
 Stab: Sleeping          |       |       |     1 ||     1
Armor: Robe              |     3 |     9 |    18 ||    30
Dodge: Dodged            |    16 |    29 |    65 ||   110

Table legend: (Time is in decaauts)
 A = Elapsed time spent in this place.
 B = Non-inter-level travel time spent in this place.
 C = Inter-level travel time spent in this place.
 D = Time resting spent in this place.
 E = Time spent auto-exploring this place.
 F = Levels seen in this place.
 G = Mean time per level.
                   A        B        C        D        E       F      G
               +--------+--------+--------+--------+--------+-----+--------+
         Total |   6788 |   6376 |    412 |    187 |   5156 |   9 |  754.2 |
       Dungeon |   6560 |   6171 |    389 |    187 |   4964 |   8 |  820.0 |
        Temple |    227 |    204 |     23 |      0 |    192 |   1 |  227.0 |
               +--------+--------+--------+--------+--------+-----+--------+

Top non-repeatable levels by time:
     D:6: 1568 daAuts
     D:1: 1103 daAuts
     D:4: 1033 daAuts
     D:3: 877 daAuts
     D:2: 763 daAuts
     D:5: 759 daAuts
     D:7: 428 daAuts
  Temple: 227 daAuts
     D:8: 26 daAuts
